 Dungeon Crawl Stone Soup version 0.29.0-13-gc9e81de378 (webtiles) character file.

Game seed: 4105934735462770975

2201 Ordine the Covert (level 9, -4/44 HPs)
             Began as a Spriggan Enchanter on Sept 7, 2022.
             Was a Priest of Ashenzari.
             Slain by an orc knight
             ... wielding a +0 halberd
              (27 damage)
             ... in a bailey.
             The game lasted 00:32:01 (10023 turns).

Ordine the Covert (Spriggan Enchanter)             Turns: 10023, Time: 00:32:02

Health: -4/44      AC:  3    Str:  4    XL:     9   Next: 12%
Magic:  7/16       EV: 21    Int: 21    God:    Ashenzari [***...]
Gold:   280        SH:  5    Dex: 15    Spells: 11/16 levels left

rFire   . . .      SeeInvis +   E - +0 dagger of the Lashed Fanaticism {venom, Comp, Alch} (curse)
rCold   . . .      Faith    .   (no shield)
rNeg    . . .      Spirit   .   b - +0 robe "Lashed With Me" {Range, Evo} (curse)
rPois   .          Reflect  +   (helmet restricted)
rElec   .          Harm     .   n - +0 cloak "Submission of Ashenzari" {Elem, Comp} (curse)
rCorr   .          Rampage  .   (gloves unavailable)
Will    +....      Clarity  +   (boots unavailable)
Stlth   ++........              j - amulet "Eternal With Me" {Reflect SH+5, Alch, Bglg} (curse)
HPRegen 0.14/turn               (no ring)
MPRegen 0.15/turn               (no ring)

@: confusing by touch, slow
A: very small, no large weapons, unfitting armour, see invisible, speed 3
a: Renounce Religion, Shatter the Chains


You were in a bailey.
You worshipped Ashenzari.
Ashenzari was most pleased with you.
You visited 2 branches of the dungeon, and saw 8 of its levels.
You also visited: Bailey.

You collected 280 gold pieces.

Inventory:

Hand Weapons
 f - a +2 vampiric dagger
 E - the cursed +0 dagger of the Lashed Fanaticism (weapon) {venom, Comp, Alch}
   (You took it off an orc wizard on level 6 of the Dungeon)

   It poisons the flesh of those it strikes.
   It has a curse which improves the following skills: Companions: Summonings
   and Necromancy.
   Alchemy:   Poison Magic and Transmutations.
Missiles
 t - 8 poisoned darts (quivered)
 D - a throwing net
Armour
 b - the cursed +0 robe "Lashed With Me" (worn) {Range, Evo}

   It has a curse which improves the following skills: Ranged Combat: Ranged
   Weapons and Throwing.
   Evocations: Evocations.
 n - the cursed +0 cloak "Submission of Ashenzari" (worn) {Elem, Comp}
   (You found it on level 2 of the Dungeon)

   It has a curse which improves the following skills: Elements: Fire Magic, Ice
   Magic, Air Magic and Earth Magic.
   Companions: Summonings and Necromancy.
 p - the +3 ring mail "Jidwu" {rElec rPois rN+ Str+2}
   (You took it off a hobgoblin on level 2 of the Dungeon)

   Str:       It affects your strength (+2).
   rElec:     It insulates you from electricity.
   rPois:     It protects you from poison.
   rN:        It protects you from negative energy.
Jewellery
 j - the cursed amulet "Eternal With Me" (around neck) {Reflect SH+5, Alch, Bglg}
   (You found it on level 2 of the Dungeon)

   [amulet of reflection]

   It reflects blocked missile attacks.
   SH:        It affects your SH (+5).
   It has a curse which improves the following skills: Alchemy: Poison Magic and
   Transmutations.
   Beguiling: Conjurations, Hexes and Translocations.
 o - an amulet of guardian spirit
Scrolls
 a - a scroll of amnesia
 d - 2 scrolls of vulnerability
 g - 3 scrolls of magic mapping
 h - 5 scrolls of teleportation
 i - 2 scrolls of fog
 m - 2 scrolls of enchant armour
 q - a scroll of brand weapon
 s - a scroll of fear
 w - a scroll of blinking
 y - a scroll of enchant weapon
Potions
 c - 3 potions of invisibility
 e - 3 potions of brilliance
 k - a potion of mutation
 u - 2 potions of curing
 x - a potion of resistance
 z - a potion of might
 A - a potion of lignification
 B - 2 potions of attraction
 C - 2 potions of flight
Miscellaneous
 l - a phial of floods


   Skills:
 - Level 3.0 Fighting
 + Level 6.0 Short Blades
 - Level 8.0 Dodging
 + Level 9.3 Stealth
 - Level 4.0 Spellcasting
 - Level 8.0(9.6) Hexes


You had 11 spell levels left.
You knew the following spells:

 Your Spells              Type           Power      Damage    Failure   Level
a - Ensorcelled Hibernat  Hex/Ice        48%        N/A       2%          2
b - Confusing Touch       Hex            44%        N/A       1%          3

Your spell library contained the following spells:

 Spells                   Type           Power      Damage    Failure   Level
 Tukima's Dance           Hex            44%        N/A       1%          3
 Dazzling Flash           Conj/Hex       48%        N/A       4%          3
 Magic Dart               Conj           16%        1d3       11%         1
 Shock                    Conj/Air       16%        1d4       11%         1
 Fulminant Prism          Conj/Hex       12%        3d9       16%         4
 Passwall                 Tmut/Erth      4%         N/A       17%         2
 Searing Ray              Conj           8%         2d4       17%         2
 Stone Arrow              Conj/Erth      8%         3d7       32%         3
 Swiftness                Air            4%         N/A       32%         3
 Airstrike                Air            2%         2d(1-17)  73%         4
 Animate Armour           Summ/Erth      10%        N/A       73%         4
 Summon Forest            Summ/Tloc      2%         N/A       96%         5
 Eringya's Noxious Bog    Tmut/Pois      2%         N/A       100%        6
 Summon Hydra             Summ           2%         N/A       100%        7
 Lehudib's Crystal Spear  Conj/Erth      2%         10d2      100%        8


Dungeon Overview and Level Annotations

Branches:
Dungeon (7/15)             Temple (1/1) D:6          Bailey (1/1)

Altars:
Ashenzari
Cheibriados
Dithmenos
Elyvilon
Fedhas
Gozag
Hepliaklqana
Kikubaaqudgha
Makhleb
Nemelex Xobeh
Okawaru
Qazlal
Ru
Sif Muna
Trog
Uskayaw
Vehumet
Wu Jian
Xom
Yredelemnul
Zin
The Shining One

Shops:
D:6 [


Innate Abilities, Weirdness & Mutations

You are very small and have problems with some larger weapons.
You are too small for most types of armour.
You have supernaturally acute eyesight. (SInv)
You cover ground extremely quickly. (Speed+++)


Message History

You open the door.
An orc knight, an orc warrior and an orc come into view.
Found 3 scrolls of enchant weapon and a piece from Xom's chessboard (15/15).
The orc shouts!
The orc knight shouts!
There is an open door here.
Which direction?
You close the gate.
The orc warrior closely misses you.
You open the gate.
There is an open gate here.
You enter the shallow water.
Moving in this stuff is going to be slow.
You start waiting.
An orc knight is nearby!
Casting: Ensorcelled Hibernation (safe; 2% risk of failure)
Confirm with . or Enter, or press ? or * to list all spells.
Aiming: Ensorcelled Hibernation (safe; 2% risk of failure)
Press: ? - help, Shift-Dir - straight line, f - orc knight
Aim: an orc knight, wielding a +0 halberd and wearing a +0 plate armour (chance to affect: 37%)
The orc knight easily resists.
The orc knight barely misses you.
Casting: Ensorcelled Hibernation (safe; 2% risk of failure)
Confirm with . or Enter, or press ? or * to list all spells.
Aiming: Ensorcelled Hibernation (safe; 2% risk of failure)
Press: ? - help, Shift-Dir - straight line, f/p - orc knight
Aim: an orc knight, wielding a +0 halberd and wearing a +0 plate armour (chance to affect: 37%)
The orc knight easily resists.
The orc knight roars a battlecry!
Casting: Ensorcelled Hibernation (safe; 2% risk of failure)
Confirm with . or Enter, or press ? or * to list all spells.
Aiming: Ensorcelled Hibernation (safe; 2% risk of failure)
Press: ? - help, Shift-Dir - straight line, f/p - orc knight
Aim: an orc knight, wielding a +0 halberd and wearing a +0 plate armour (chance to affect: 37%)
The orc knight easily resists.
The orc knight hits you with a +0 halberd!!
Unknown command.
Casting: Ensorcelled Hibernation (safe; 2% risk of failure)
Confirm with . or Enter, or press ? or * to list all spells.
Your hands begin to glow red.
The orc warrior misses you.
The orc knight hits you with a +0 halberd!!
Ouch! That really hurt!
You die...

.....~~~~~~~~##~~#+#+#~~##~~~~~~~
.....~~~~~~~~#~~##)#)##~~#~~~~~~~
.....~~~~~~~##~#########~##~~~~~~
.....~~~~~~~##~+)#}.?#)+~##~~~~~~
.....~~~~~~~##~###.8.###~##~~~~~~
.....~~~~~~~##~'.#...#)+~##~~~~~~
.....~~~~~~~##~####'####~##~~~~~~
.....~~~~~~~~#~~##∩.∩##~~##~~)~~~
.....~~~~~~~~##~@#'{'##~~~~~~~~~~
.....~~~~~~~~~##~oo~~##~~~~~~~~~~
.....~≈≈)≈≈≈~~~##~~~~##~~~~≈≈≈~≈≈
.....≈≈#.##≈~~~~#######~~~~≈##.#≈
.....≈##.∩#≈~~~~~~~~~~~~~~~≈#∩.##
.....≈#....~~~~)~~~~~~~~~~~~)...#
.....≈##.##≈~~~~)~~~~~~~~~~≈##.##
.....≈≈###≈≈~~~~~~~~~~~~~~~≈≈###≈
.....~≈≈≈≈≈~~~~~~~~~~~~~)~~~≈≈≈≈≈


You could see an orc knight and an orc warrior (strong).

Vanquished Creatures
  2 water moccasins (D:6)
  An ice beast (D:6)
  2 sky beasts (D:7)
  9 orc warriors (Bailey)
  2 ogres
  A bullfrog (D:6)
  A necrophage (D:4)
  A scorpion (D:5)
  2 howler monkeys (D:5)
  4 orc priests
  4 orc wizards (D:6)
  7 gnolls
  4 adders
  A shadow imp (D:6)
  3 white imps
  An ufetubus (D:5)
  3 worms
  4 dart slugs
  22 orcs
  5 ball pythons
  3 bats (D:1)
  2 endoplasms
  A giant cockroach (D:2)
  8 goblins
  6 hobgoblins
  4 quokkas (D:1)
  4 frilled lizards
  7 kobolds
  7 rats
121 creatures vanquished.

Vanquished Creatures (others)
  4 fungi (D:4)
4 creatures vanquished.

Grand Total: 125 creatures vanquished

Notes
Turn   | Place    | Note
-------+----------+-------------------------------------------
     0 | D:1      | Ordine the Spriggan Enchanter began the quest for the Orb.
     0 | D:1      | Reached XP level 1. HP: 9/9 MP: 5/5
   309 | D:1      | Reached skill level 5 in Stealth
   309 | D:1      | Reached XP level 2. HP: 13/13 MP: 6/6
   319 | D:1      | Learned a level 2 spell: Ensorcelled Hibernation
  1556 | D:2      | Identified the +3 ring mail "Jidwu" {rElec rPois rN+ Str+2}
  1682 | D:1      | Reached XP level 3. HP: 15/16 MP: 8/8
  3399 | D:3      | Reached skill level 6 in Stealth
  3696 | D:3      | Reached XP level 4. HP: 21/21 MP: 6/9
  4142 | D:4      | Found a bloodstained altar of Trog.
  4180 | D:4      | Noticed an ogre
  4362 | D:4      | Killed an ogre
  4363 | D:4      | Reached skill level 7 in Stealth
  4363 | D:4      | Reached XP level 5. HP: 24/24 MP: 0/10
  4637 | D:4      | Learned a level 3 spell: Confusing Touch
  4694 | D:4      | Found a hazy altar of Hepliaklqana.
  4696 | D:4      | Found a glowing silver altar of Zin.
  4698 | D:4      | Found an iron altar of Okawaru.
  4717 | D:4      | Found a sparkling altar of Nemelex Xobeh.
  4718 | D:4      | Found a white marble altar of Elyvilon.
  4723 | D:4      | Found a hide-covered altar of Uskayaw.
  4724 | D:4      | Found a blossoming altar of Fedhas.
  4726 | D:4      | Found a shimmering altar of Xom.
  4730 | D:4      | Found a burning altar of Makhleb.
  4731 | D:4      | Found a broken altar of Ashenzari.
  4739 | D:4      | Became a worshipper of Ashenzari the Shackled
  5462 | D:5      | Entered Level 5 of the Dungeon
  5711 | D:5      | Reached skill level 8 in Stealth
  5711 | D:5      | Reached XP level 6. HP: 25/28 MP: 2/12
  6295 | D:5      | Reached skill level 5 in Short Blades
  6824 | D:6      | Reached skill level 5 in Hexes
  7020 | D:6      | Reached XP level 7. HP: 16/32 MP: 11/14
  7993 | D:6      | Found Zerreole's Armour Shoppe.
  8025 | D:6      | Reached * piety under Ashenzari
  8408 | D:6      | Found a staircase to the Ecumenical Temple.
  8420 | Temple   | Entered the Ecumenical Temple
  8420 | Temple   | Found a transporter.
  8420 | Temple   | Found a transporter.
  8560 | Temple   | Found a transporter.
  8560 | Temple   | Found a transporter.
  8864 | D:6      | Reached skill level 1 in Fighting
  8864 | D:6      | Reached XP level 8. HP: 37/37 MP: 12/15
  9198 | D:7      | Reached ** piety under Ashenzari
  9240 | D:7      | Found a flagged portal.
  9248 | D:7      | Reached skill level 5 in Dodging
  9251 | Bailey   | Entered a bailey
  9631 | Bailey   | Reached *** piety under Ashenzari
  9902 | Bailey   | Reached XP level 9. HP: 44/44 MP: 11/16
  9939 | Bailey   | Reached skill level 9 in Stealth
 10008 | Bailey   | Noticed an orc knight
 10023 | Bailey   | Slain by an orc knight

Illustrated notes

Levels and vault maps discovered:
D:1:      lightli_arrival_statue_moat, layout_loops_ring
D:2:      layout_loops_ring
D:3:      layout_basic
D:4:      layout_basic, lemuel_doored_altar,
          nicolae_overflow_hallway_of_the_gods, serial_aquarium,
          aquarium_bridge_square [aquarium_subvault_wall,
          aquarium_subvault_wall, aquarium_subvault_bridge,
          aquarium_subvault_bridge], aquarium_window_1, aquarium_window_2,
          aquarium_window_3, aquarium_view_2e, aquarium_view_2e, aquarium_pool_2
D:5:      layout_loops_ring, palyth_stone_intersect
D:6:      layout_gridville, minmay_temple_entry_proselytizer,
          nicolae_take_the_stairs
D:7:      layout_loops_corners, enter_bailey_6, feat_on_display, uniq_duvessa,
          uniq_joseph, uniq_crazy_yiuf_cottage
Temple:   hellmonk_temple_divided_pantheon
Bailey:   bailey_polearm_2, bailey

Skill      XL: |  1  2  3  4  5  6  7  8  9 |
---------------+----------------------------+-----
Stealth        | 5 6 7 8 9 |  9.3
Short Blades   | 2 3 4 5 6 |  6.0
Spellcasting   | 3 4 |  4.0
Hexes          | 5 8 |  8.0
Dodging        | 3 8 |  8.0
Fighting       | 1 3 |  3.0

Action                   |  1- 3 |  4- 6 |  7- 9 || total
-------------------------+-------+-------+-------++-------
Melee: Dagger            |   140 |    91 |    92 ||   323
       Punch             |     1 |     1 |       ||     2
Throw: Dart              |       |     3 |       ||     3
 Cast: Ensorcelled Hiber |    23 |    44 |    56 ||   123
       Confusing Touch   |       |       |     8 ||     8
Invok: Curse Item        |       |     1 |     3 ||     4
  Use: Potion            |       |       |     2 ||     2
 Stab: Sleeping          |    26 |    28 |    25 ||    79
       Confused          |       |       |     6 ||     6
Armor: Robe              |     9 |     7 |     7 ||    23
Dodge: Dodged            |    87 |    33 |    87 ||   207
Block: Other             |     1 |    18 |    21 ||    40
       Reflection        |       |     2 |    12 ||    14
